 Dungeon Crawl Stone Soup version 0.29-a0-40-g8eb35efe60 (webtiles) character file.

Game seed: 5242851144794742121

1599 Ajdolov the Geomancer (level 8, 0/46 HPs)
             Began as an Octopode Earth Elementalist on Feb 1, 2022.
             Was a Follower of Vehumet.
             Slain by a black bear (3 damage)
             ... on level 6 of the Dungeon.
             The game lasted 00:12:38 (6867 turns).

Ajdolov the Geomancer (Octopode Earth Elementalist) Turns: 6867, Time: 00:12:39

Health: 0/46       AC:  1    Str:  8    XL:     8   Next: 94%
Magic:  1/11       EV: 13    Int: 19    God:    Vehumet [*.....]
Gold:   296        SH:  0    Dex: 12    Spells: 8/12 levels left

rFire   . . .      SeeInvis .   m - +4 club (spect)
rCold   . . .      Faith    .   (no shield)
rNeg    . . .      Spirit   .   (helmet restricted)
rPois   +          Reflect  .   (no amulet)
rElec   .          Harm     .   u - ring of poison resistance
rCorr   .          Rampage  .   (no ring)
Will    .....                   (no ring)
Stlth   +++.......              (no ring)
HPRegen 0.15/turn               (no ring)
MPRegen 0.12/turn               (no ring)
                                (no ring)
                                (no ring)

@: brilliant
A: almost no armour, amphibious, 8 rings, camouflage 1, gelatinous body 1,
(nimble swimmer 1), tentacles
a: Renounce Religion


You were on level 6 of the Dungeon.
You worshipped Vehumet.
Vehumet was aware of your devotion.
You visited 2 branches of the dungeon, and saw 7 of its levels.

You collected 296 gold pieces.

Inventory:

Hand Weapons
 m - a +4 spectral club (weapon)
Missiles
 b - 65 stones
Jewellery
 u - a ring of poison resistance (left tentacle)
 v - an amulet of faith
Wands
 l - a wand of digging (2)
Scrolls
 a - a scroll of enchant weapon {unknown}
 c - a scroll of immolation {unknown}
 d - 3 scrolls of identify {unknown}
 e - 2 scrolls of magic mapping {unknown}
 f - 3 scrolls of blinking {unknown}
 k - a scroll of fear {unknown}
 n - 2 scrolls of amnesia {unknown}
 q - 3 scrolls of enchant armour {unknown}
 s - a scroll of acquirement {unknown}
 t - a scroll of vulnerability {unknown}
 w - a scroll of fog {unknown}
 x - a scroll of teleportation {unknown}
Potions
 g - a potion of attraction {unknown}
 h - a potion of curing {unknown}
 i - 2 potions of flight {unknown}
 j - a potion of heal wounds {unknown}
 o - 4 potions of brilliance
 p - a potion of lignification {unknown}
 r - a potion of ambrosia {unknown}


   Skills:
 - Level 2.0 Dodging
 - Level 2.6 Stealth
 + Level 2.5 Spellcasting
 * Level 7.1 Conjurations
 - Level 1.0 Transmutations
 * Level 8.6 Earth Magic


You had 8 spell levels left.
You knew the following spells:

 Your Spells              Type           Power      Damage    Failure   Level
a - Sandblast             Erth           100%       2d20      1%          1
b - Stone Arrow           Conj/Erth      96%        3d13      1%          3

Your spell library contained the following spells:

 Spells                   Type           Power      Damage    Failure   Level
 Shock                    Conj/Air       92%        1d8       3%          1
 Passwall                 Tmut/Erth      25%        N/A       3%          2
 Freeze                   Ice            12%        1d4       16%         1
 Petrify                  Tmut/Erth      31%        N/A       22%         4
 Ensorcelled Hibernation  Hex/Ice        6%         N/A       24%         2
 Spider Form              Tmut/Pois      6%         N/A       36%         3
 Hailstorm                Conj/Ice       23%        3d7       36%         4
 Frozen Ramparts          Ice            6%         1d2       43%         3
 Anguish                  Hex/Necr       1%         N/A       85%         4


Dungeon Overview and Level Annotations

Branches:
Dungeon (6/15)             Temple (1/1) D:4

Altars:
Cheibriados
Dithmenos
Elyvilon
Fedhas
Gozag
Hepliaklqana
Kikubaaqudgha
Makhleb
Nemelex Xobeh
Qazlal
Ru
Sif Muna
Vehumet
Wu Jian
Zin
The Shining One

Annotations:
D:2 1 runed translucent door, Crazy Yiuf
D:3 Robin
D:5 1 runed translucent door, SlyGuyMcFly's ghost, novice GnWn


Innate Abilities, Weirdness & Mutations

You cannot wear most types of armour.
You are amphibious.
You can wear up to eight rings at the same time.
Your skin changes colour to match your surroundings (Stealth+).
Your rubbery body absorbs attacks. (AC +1, EV +1)
((You are camouflaged when in or above water. (Stealth+)))
You have tentacles for arms and can constrict up to eight enemies at once.


Message History

The stone arrow misses the phantom.
The stone arrow hits the black bear!!
The black bear is severely wounded.
The black bear goes berserk!
The phantom barely misses you.
You hear a bark!
The black bear rages.
There is a stone staircase leading up here.
Casting: Stone Arrow (safe; 1% risk of failure)
Confirm with . or Enter, or press ? or * to list all spells.
You don't have enough magic to cast this spell.
Aiming: Sandblast (safe; 1% risk of failure)
Press: ? - help, Q - select action, (/) - cycle Shift-Dir - straight line, f - black bear, p - phantom
Aim: a black bear (severely wounded, berserk, 87% to hit)
The blast of sand hits the black bear.
The black bear is severely wounded.
A hound comes into view.
The black bear bites you! The black bear completely misses you.
The black bear claws you. The phantom hits you.
The phantom blinks!
You blink.
The phantom hits you but does no damage.
You see here 11 gold pieces.
Okay, then.
Okay, then.
Okay, then.
It was a potion of brilliance.
You feel clever all of a sudden.
The black bear rages.
The phantom closely misses you. The black bear bites you.
The black bear claws you!
* * * LOW HITPOINT WARNING * * *
The black bear closely misses you.
Aiming: Sandblast (safe; 1% risk of failure)
Press: ? - help, Q - select action, (/) - cycle Shift-Dir - straight line, f/p - black bear
Aim: a black bear (severely wounded, berserk, 88% to hit)
You feel a surge of power!
The blast of sand misses the black bear.
The black bear bites you.
* * * LOW HITPOINT WARNING * * *
The black bear claws you.
* * * LOW HITPOINT WARNING * * *
The black bear claws you.
You die...

#.. .........## # #.#
.#..###..## #.
#.#####.##.##...##
#)####....##.........##
#.........".####.#...##
###....hl..<...........##
..............#####..#.##
.?......Wh....#####..#...
........@............#...
....###+############.#...
.... #..... ... ##....
#.... ####..## #......#
#....>.# #......#


You could see a phantom, a black bear (berserk), an iguana and a hound.

Vanquished Creatures
  Grinder (D:3)
  Sigmund (D:2)
  A black bear (D:5)
  2 ogres
  2 centaurs
  3 phantoms
  A jelly (D:6)
  3 hounds
  3 orc priests
  An iguana (D:4)
  Ijyb (D:3)
  An orc wizard (D:6)
  2 hound skeletons
  3 gnolls (D:4)
  7 river rats (D:5)
  6 adders
  2 ufetubi (D:5)
  2 adder skeletons (D:4)
  A worm (D:4)
  3 dart slugs
  9 orcs
  11 endoplasms
  5 giant cockroaches
  9 goblins
  12 hobgoblins
  6 jackals
  9 kobolds
  11 quokkas
  3 ball pythons
  4 bats
  3 frilled lizards (D:1)
  14 rats
142 creatures vanquished.

Vanquished Creatures (others)
  2 withered plants (D:5)
2 creatures vanquished.

Grand Total: 144 creatures vanquished

Notes
Turn   | Place    | Note
-------+----------+-------------------------------------------
     0 | D:1      | Ajdolov the Octopode Earth Elementalist began the quest for
                  | the Orb.
     0 | D:1      | Reached XP level 1. HP: 11/11 MP: 3/3
   146 | D:1      | Reached XP level 2. HP: 17/17 MP: 1/5
   603 | D:1      | Reached skill level 4 in Earth Magic
   667 | D:1      | Reached XP level 3. HP: 20/21 MP: 2/6
  1040 | D:2      | Learned a level 3 spell: Stone Arrow
  1412 | D:2      | Noticed Sigmund
  1428 | D:2      | Killed Sigmund
  1429 | D:2      | Reached skill level 5 in Earth Magic
  1429 | D:2      | Reached XP level 4. HP: 8/27 MP: 2/7
  1429 | D:2      | Reached XP level 5. HP: 10/31 MP: 2/8
  1739 | D:2      | Found a faded altar of an unknown god.
  1949 | D:2      | Found a runed translucent door.
  1950 | D:2      | Noticed Crazy Yiuf
  2236 | D:3      | Noticed Ijyb
  2268 | D:3      | Killed Ijyb
  2269 | D:3      | Reached XP level 6. HP: 19/36 MP: 0/9
  2511 | D:3      | Noticed Robin
  2916 | D:3      | Noticed Grinder
  2931 | D:3      | Paralysed by Grinder for 4 turns
  2936 | D:3      | Killed Grinder
  2937 | D:3      | Reached skill level 6 in Earth Magic
  2937 | D:3      | Reached XP level 7. HP: 14/41 MP: 0/10
  4093 | D:4      | Found an opulent altar of Gozag.
  4097 | D:4      | Reached skill level 5 in Conjurations
  4179 | D:4      | Reached skill level 7 in Earth Magic
  4238 | D:4      | Found a sacrificial altar of Ru.
  4250 | D:4      | Found a shimmering blue altar of Sif Muna.
  4461 | D:4      | Found a glowing silver altar of Zin.
  4626 | D:4      | Identified the +5 short sword of Comonuom {speed, rPois
                  | Will- Int+4 SInv}
  4928 | D:4      | Found a staircase to the Ecumenical Temple.
  4934 | Temple   | Entered the Ecumenical Temple
  4952 | Temple   | Became a worshipper of Vehumet
  5180 | D:5      | Entered Level 5 of the Dungeon
  5233 | D:5      | Reached XP level 8. HP: 39/46 MP: 7/11
  5303 | D:5      | Found a runed translucent door.
  5304 | D:5      | Noticed SlyGuyMcFly's ghost (novice GnWn)
  5333 | D:5      | Found a hazy altar of Hepliaklqana.
  5536 | D:5      | Reached * piety under Vehumet
  5536 | D:5      | Offered knowledge of Shock by Vehumet.
  6114 | D:5      | Reached skill level 8 in Earth Magic
  6533 | D:6      | Found an ornate altar of the Wu Jian Council.
  6867 | D:6      | Slain by a black bear

Illustrated notes

Levels and vault maps discovered:
D:1:      dpeg_arrival_tiny_i, layout_basic
D:2:      layout_basic, shapermc_ecumenical_altar_ellora,
          uniq_crazy_yiuf_cottage, uniq_sigmund
D:3:      wad_lake_hut, layout_basic, st_stairs_12, uniq_grinder, uniq_ijyb,
          uniq_robin
D:4:      layout_gridville, nicolae_overflow_quartered_altars,
          minmay_temple_entry_hall, serial_park_tiny_2
D:5:      lemuel_ratsnest, layout_rooms, mainiacjoe_overflow_catwalk,
          gammafunk_ghost_grave, minivault_5, small_statue_intersection
D:6:      layout_basic, mainiacjoe_overflow_alcove_1, uniq_eustachio,
          uniq_menkaure
Temple:   eino_temple_rhombus

Skill      XL: |  1  2  3  4  5  6  7  8 |
---------------+-------------------------+-----
Earth Magic    | 4 5 6 7 8 |  8.6
Conjurations   | 2 3 4 5 7 |  7.1
Dodging        | |  2.0
Stealth        | |  2.6
Spellcasting   | |  2.5
Transmutations | |  1.0

Action                   |  1- 3 |  4- 6 |  7- 9 || total
-------------------------+-------+-------+-------++-------
Melee: Unarmed           |     2 |     1 |       ||     3
       Tentacles         |     1 |     1 |    15 ||    17
       Constrict         |     1 |     2 |    13 ||    16
       Club              |       |     9 |    47 ||    56
       Punch             |       |     1 |     1 ||     2
 Cast: Sandblast         |    53 |    36 |    98 ||   187
       Stone Arrow       |       |     2 |    19 ||    21
  Use: Potion            |       |       |     1 ||     1
 Stab: Sleeping          |       |       |     2 ||     2
Armor: Skin              |     2 |     1 |     8 ||    11
Dodge: Dodged            |    13 |    22 |    56 ||    91

Table legend: (Time is in decaauts)
 A = Elapsed time spent in this place.
 B = Non-inter-level travel time spent in this place.
 C = Inter-level travel time spent in this place.
 D = Time resting spent in this place.
 E = Time spent auto-exploring this place.
 F = Levels seen in this place.
 G = Mean time per level.
                   A        B        C        D        E       F      G
               +--------+--------+--------+--------+--------+-----+--------+
         Total |   6882 |   6772 |    110 |   1575 |   4182 |   7 |  983.1 |
       Dungeon |   6854 |   6753 |    101 |   1575 |   4177 |   6 | 1142.3 |
        Temple |     28 |     19 |      9 |      0 |      5 |   1 |   28.0 |
               +--------+--------+--------+--------+--------+-----+--------+

Top non-repeatable levels by time:
     D:3: 1740 daAuts
     D:5: 1335 daAuts
     D:2: 1292 daAuts
     D:4: 1175 daAuts
     D:1: 949 daAuts
     D:6: 361 daAuts
  Temple: 28 daAuts
